 Dungeon Crawl Stone Soup version 0.32-a0-913-g739538afd8 (webtiles) character file.

Game seed: 4824039794115388448

193 Autsider the Insei (level 5, -5/36 HPs)
             Began as an Octopode Shapeshifter on Apr 8, 2024.
             Slain by an orc
             ... wielding a +1 flail of protection
              (11 damage)
             ... on level 7 of the Dungeon.
             The game lasted 00:10:35 (3070 turns).

Autsider the Insei (Octopode Shapeshifter)          Turns: 3070, Time: 00:10:36

Health: -5/36      AC:  1    Str: 13    XL:     5   Next: 72%
Magic:  14/14      EV: 12    Int: 12    God:
Gold:   155        SH:  0    Dex: 14    Spells: 4/4 levels left

rFire   . .          .
                       - Unarmed
rCold   + . .        (no shield)
rNeg    + . .        (helmet currently unavailable)
rPois   +            (no amulet)
rElec   .            d - ring of magical power
rCorr   .            h - ring of protection from cold
SInv    .            x - ring of poison resistance
Will    .....        i - ring of positive energy
Stlth   ++           (no ring)
HPRegen 0.26/turn    (no ring)
MPRegen 0.14/turn    (no ring)
                     (no ring)

%: no passive effects
@: about to teleport, beast-form, silenced
A: beast (slay +1), almost no armour, amphibious, 8 rings, camouflage 1,
gelatinous body 1, (nimble swimmer 1), tentacles
a: Begin Untransformation


You were on level 7 of the Dungeon.
You were a hulking beast.
You visited 1 branch of the dungeon, and saw 5 of its levels.

You collected 155 gold pieces.

Inventory:

Hand Weapons
 r - the +1 spear of the Skies Above {elec, Will+ SInv}
   (You found it on level 2 of the Dungeon)

   Will+:     It increases your willpower.
   SInv:      It lets you see invisible.
Jewellery
 d - a ring of magical power (left tentacle)
 e - a ring of fire
 h - a ring of protection from cold (right tentacle)
 i - a ring of positive energy (on tentacle)
 x - a ring of poison resistance (on tentacle)
Talismans
 b - a beast talisman (active)
 c - a flux talisman
Wands
 s - a wand of paralysis (7)
Scrolls
 f - a scroll of fear {unknown}
 j - a scroll of silence
 l - 2 scrolls of immolation {unknown}
 n - 3 scrolls of revelation {unknown}
 o - a scroll of poison {unknown}
 t - 2 scrolls of identify {@r1}
 v - a scroll of amnesia {unknown}
 w - a scroll of fog {unknown}
Potions
 a - 2 potions of lignification
 k - a potion of enlightenment
 m - a potion of curing {@q1}
 p - a potion of might {unknown}
 q - 2 potions of degeneration
 u - 2 potions of brilliance {unknown}


   Skills:
 + Level 3.1 Fighting
 - Level 2.0 Dodging
 - Level 2.0 Stealth
 - Level 5.0 Unarmed Combat
 + Level 3.1 Shapeshifting


You had 4 spell levels left.
You didn't know any spells.
Your spell library contained the following spells:

 Spells                   Type           Power      Damage    Failure   Level
 Sandblast                Erth           0%         2d4       32%         1
 Cigotuvi's Dreadful Rot  Necr/Alch/Air  0%         N/A       45%         2
 Stone Arrow              Conj/Erth      0%         3d7       69%         3
 Brom's Barrelling Bould  Conj/Erth      0%         2d3       97%         4
 Ignite Poison            Fire/Alch      0%         N/A       97%         4
 Freezing Cloud           Conj/Ice/Air   0%         6-21      100%        5


Dungeon Overview and Level Annotations

Branches:
Dungeon (7/15)
 Temple: D:4-7

Altars:
Dithmenos
Elyvilon
Wu Jian
The Shining One

Annotations:
D:2 exclusion: downstairs


Innate Abilities, Weirdness & Mutations

You are a hulking beast.
Your limbs bulge with bestial killing power. (Slay +1)
You cannot wear most types of armour.
You are amphibious.
You can wear up to eight rings at the same time.
Your skin changes colour to match your surroundings (Stealth+).
Your rubbery body absorbs attacks. (AC +1, EV +1)
((You are camouflaged when in or above water. (Stealth+)))
You have tentacles for arms and can constrict up to eight enemies at once.


Message History

The orc shouts!
You tentacle-slap the orc. Your grab misses the orc.
The orc is almost dead.
You constrict the orc, but do no damage.
You constrict the orc.
You kill the orc!
The orc hits you with a +1 flail of protection!
* * * LOW HITPOINT WARNING * * *
The orc hits you with a +0 flail.
* * * LOW HITPOINT WARNING * * *
You tentacle-slap the orc.
You kill the orc!
You constrict the orc, but do no damage.
The orc hits you with a +1 flail of protection.
* * * LOW HITPOINT WARNING * * *
You release your grip on the orc.
The orc shouts!
The orc wizard casts a spell.
The orc wizard flickers and vanishes!
Deactivating autopickup; reactivate with Ctrl-A.
Things that are here:
15 gold pieces; a +0 flail; a +0 leather armour You miss something.
The orc hits you with a +1 flail of protection!
* * * LOW HITPOINT WARNING * * *
Something hits you.
* * * LOW HITPOINT WARNING * * *
You feel better. The orc barely misses you. Something hits you.
* * * LOW HITPOINT WARNING * * *
The orc throws a boomerang.
The boomerang completely misses you.
The orc priest shouts, "The Pantheon deserves no one's loyalty.
Let us show you the true path!" (press Y on the ability menu to convert to Beogh)
Okay, then.
As you read the scroll of teleportation {@r2}, it crumbles to dust.
You feel strangely unstable. The orc closely misses you. Something hits you.
* * * LOW HITPOINT WARNING * * *
As you read the scroll labelled LIAH KUUMUC, it crumbles to dust.
A profound silence engulfs you.
It was a scroll of silence.
The orc hits you with a +1 flail of protection!
You die...

#.# .
###.###### #.
#........#
.##........#
...........#
#..>.....#
#........#
#.)o.....#
###.oh....<#
#...{......#
#.#.#.#.)..#
#.......#.##
#o#.#.#.#.#
...o..$[...#
....#.#.#.###
#.........#
..o.##..##


You could see an orc priest and 3 orcs.

Vanquished Creatures
  A bombardier beetle (D:4)
  A hound (D:4)
  Ijyb (D:3)
  2 adders
  6 dart slugs
  4 orcs
  3 bats
  5 endoplasms
  7 goblins
  6 hobgoblins
  2 jackals (D:1)
  3 quokkas
  8 ball pythons
  2 frilled lizards
  2 giant cockroaches (D:1)
  7 kobolds
  8 rats
68 creatures vanquished.

Notes
Turn   | Place    | Note
-------+----------+-------------------------------------------
     0 | D:1      | Autsider the Octopode Shapeshifter began the quest for the
                  | Orb.
     0 | D:1      | Reached XP level 1. HP: 13/13 MP: 1/1
   133 | D:1      | Found a faded altar of an unknown god.
   150 | D:1      | Reached skill level 1 in Stealth
   296 | D:1      | Reached XP level 2. HP: 18/18 MP: 2/2
   651 | D:1      | Reached XP level 3. HP: 25/25 MP: 3/3
  1389 | D:2      | Identified the +1 spear of the Skies Above {elec, Will+
                  | SInv}
  1582 | D:3      | Reached XP level 4. HP: 27/31 MP: 4/4
  1866 | D:3      | Noticed an ogre
  2099 | D:3      | Found a shadowy altar of Dithmenos.
  2125 | D:3      | Noticed Ijyb
  2132 | D:3      | Killed Ijyb
  2133 | D:3      | Reached skill level 4 in Unarmed Combat
  2499 | D:4      | Found a white marble altar of Elyvilon.
  2513 | D:4      | Reached XP level 5. HP: 34/36 MP: 5/5
  2588 | D:4      | Found an ornate altar of the Wu Jian Council.
  2868 | D:4      | Reached skill level 5 in Unarmed Combat
  2870 | D:4      | Found a glowing golden altar of the Shining One.
  3000 | D:4      | You fall into a shaft and drop 3 floors!
  3070 | D:7      | Slain by an orc

Illustrated notes

Levels and vault maps discovered:
D:1:      lemuel_arrival_funnel, layout_basic,
          hellmonk_ecumenical_altar_run_dry, minivault_11
D:2:      layout_basic
D:3:      layout_basic, lemuel_round_altar, uniq_ijyb
D:4:      layout_rooms, mainiacjoe_overflow_six_doors_small,
          mainiacjoe_overflow_catwalk, nicolae_wu_jian_immortal_techniques,
          minmay_misc_feat_x
D:7:      layout_rooms, okawaru_ov_weapons_minmay,
          minmay_temple_entry_gardened_gates, serial_glass, glass_columns_b,
          glass_columns_b, glass_columns_b, glass_columns_b, glass_columns_b,
          glass_columns_a

Skill      XL: |  1  2  3  4  5 |
---------------+----------------+-----
Stealth        | 1 2 |  2.0
Fighting       | 2 3 |  3.1
Unarmed Combat | 4 5 |  5.0
Dodging        | |  2.0
Shapeshifting  | |  3.1

Action                     |  1- 3 |  4- 6 || total
---------------------------+-------+-------++-------
  Melee: Unarmed           |    63 |    55 ||   118
         Constrict         |    17 |    12 ||    29
         Tentacles         |     9 |     8 ||    17
         Punch             |     1 |     3 ||     4
    Use: Scroll            |     3 |     3 ||     6
         Potion            |       |     1 ||     1
   Stab: Sleeping          |    13 |     4 ||    17
         Distracted        |     1 |       ||     1
 Armour: Skin              |    13 |    32 ||    45
  Dodge: Dodged            |    24 |    33 ||    57

Table legend: (Time is in decaauts)
 A = Elapsed time spent in this place.
 B = Non-inter-level travel time spent in this place.
 C = Inter-level travel time spent in this place.
 D = Time resting spent in this place.
 E = Time spent auto-exploring this place.
 F = Levels seen in this place.
 G = Mean time per level.
                   A        B        C        D        E       F      G
               +--------+--------+--------+--------+--------+-----+--------+
         Total |   3060 |   2880 |    180 |     95 |   2040 |   5 |  612.0 |
       Dungeon |   3060 |   2880 |    180 |     95 |   2040 |   5 |  612.0 |
               +--------+--------+--------+--------+--------+-----+--------+

Top non-repeatable levels by time:
     D:1: 898 daAuts
     D:2: 778 daAuts
     D:3: 740 daAuts
     D:4: 573 daAuts
     D:7: 69 daAuts
